 Dungeon Crawl Stone Soup version 0.23.0-3-gf3c87f2df8 (webtiles) character file.

Game seed: 8218990659325365459

124 PikkenKukken the Chiller (level 4, -9/33 HPs)
             Began as a Draconian Ice Elementalist on Feb 22, 2019.
             Was a Follower of Makhleb.
             Mangled by a gnoll
             ... wielding a +0 halberd
              (11 damage)
             ... on level 3 of the Dungeon.
             The game lasted 00:04:27 (2201 turns).

PikkenKukken the Chiller (DrIE)                     Turns: 2201, Time: 00:04:28

Health: -9/33      AC:  5    Str: 11    XL:     4   Next: 81%
Magic:  1/7        EV: 13    Int: 16    God:    Makhleb [*.....]
Gold:   18         SH:  0    Dex: 11    Spells: 4/7 levels left

rFire    . . .     SeeInvis .   c - +3 dagger
rCold    . . .     Gourm    .   (no shield)
rNeg     . . .     Faith    .   (armour unavailable)
rPois    .         Spirit   .   (helmet restricted)
rElec    .         Reflect  .   (no cloak)
rCorr    +         Harm     .   (no gloves)
MR       .....                  (no boots)
Stlth    ++........             (no amulet)
HPRegen  0.11/turn              g - ring of resist corrosion
MPRegen  0.10/turn              (no ring)

@: no status effects
A: unfitting armour, cold-blooded, AC +5
a: Renounce Religion


You were on level 3 of the Dungeon.
You worshipped Makhleb.
Makhleb was aware of your devotion.
You were not hungry.

You visited 1 branch of the dungeon, and saw 3 of its levels.

You collected 18 gold pieces.

Inventory:

Hand Weapons
 c - a +3 dagger (weapon)
Jewellery
 g - a ring of resist corrosion (left hand)
Potions
 d - a potion of degeneration {unknown}
 e - a potion of curing {unknown}
 f - a potion of mutation {unknown}
Comestibles
 a - 3 chunks of flesh
 b - 2 rations


   Skills:
 + Level 3.3 Dodging
 - Level 1.7 Stealth
 - Level 2.0 Spellcasting
 + Level 1.6 Conjurations
 + Level 4.3 Ice Magic


You had 4 spell levels left.
You knew the following spells:

 Your Spells              Type           Power        Failure   Level  Hunger
a - Freeze                Ice            ###.         3%          1    #......
b - Throw Frost           Conj/Ice       ##....       10%         2    ###....

Your spell library contained the following spells:

 Spells                   Type           Power        Failure   Level  Hunger
 Ozocubu's Armour         Chrm/Ice       #.......     26%         3    ###....
 Throw Icicle             Conj/Ice       ##......     52%         4    #####..
 Summon Ice Beast         Ice/Summ       #.......     63%         4    #####..


Dungeon Overview and Level Annotations

Branches:
Dungeon (3/15)

Altars:
Makhleb


Innate Abilities, Weirdness & Mutations

Your plain brown scales are hard. (AC +5)
You cannot fit into any form of body armour.
You are cold-blooded and may be slowed by cold attacks.


Message History

The gnoll is heavily wounded.
The gnoll hits you from afar with a +0 halberd.
* * * LOW HITPOINT WARNING * * *
The gnoll hits you but does no damage.
You hit the gnoll but do no damage.
The gnoll is heavily wounded.
The gnoll barely misses you.
You hit the gnoll.
The gnoll is severely wounded.
The gnoll misses you. The gnoll closely misses you.
You barely miss the gnoll.
The gnoll is severely wounded.
The gnoll misses you. The gnoll barely misses you.
You closely miss the gnoll.
Your tail-slap misses the gnoll.
The gnoll is severely wounded.
The gnoll closely misses you. The gnoll hits you but does no damage.
You barely miss the gnoll.
The gnoll is severely wounded.
The gnoll hits you from afar with a +0 halberd!
You die...

....).#.## #.#..<.#
#.#.รท.## .. ##.)...#
#..#......#
........#.#
#..........#
..........### ######
..(.....$..@##.....##
.........##g..$.....#
.........###)g......)
........# #.).......
.......## #.........
....... #......$..
...... #=........
#......%.. #)........


You could see 2 gnolls.

Vanquished Creatures
  4 adders
  5 gnolls
  2 worms (D:2)
  A dart slug (D:2)
  2 leopard geckos (D:2)
  2 bats (D:2)
  2 giant cockroaches
  5 goblins
  5 hobgoblins (D:2)
  2 frilled lizards (D:2)
  A kobold (D:2)
  3 rats
34 creatures vanquished.

Notes
Turn   | Place    | Note
-------+----------+-------------------------------------------
     0 | D:1      | PikkenKukken the Draconian Ice Elementalist began the quest
                  | for the Orb.
     0 | D:1      | Reached XP level 1. HP: 14/14 MP: 3/3
   270 | D:2      | Reached XP level 2. HP: 11/20 MP: 0/5
   576 | D:2      | Reached XP level 3. HP: 25/26 MP: 1/6
   797 | D:1      | Reached skill level 4 in Ice Magic
  1033 | D:2      | Reached XP level 4. HP: 30/33 MP: 3/7
  1112 | D:2      | Learned a level 2 spell: Throw Frost
  1889 | D:2      | Found a faded altar of an unknown god.
  1920 | D:2      | Became a worshipper of Makhleb the Destroyer
  1920 | D:2      | Reached * piety under Makhleb
  2201 | D:3      | Mangled by a gnoll

Skill      XL: |  1  2  3 |
---------------+----------+-----
Dodging        | 2 3 |  3.3
Ice Magic      | 4 |  4.3
Stealth        | |  1.7
Spellcasting   | |  2.0
Conjurations   | |  1.6

Action                   |  1- 3 |  4- 6 || total
-------------------------+-------+-------++-------
Melee: Unarmed           |    14 |    11 ||    25
       Tailslap          |     2 |     2 ||     4
       Dagger            |       |    32 ||    32
 Cast: Freeze            |    28 |    27 ||    55
       Throw Frost       |       |     5 ||     5
  Use: Scroll            |       |     3 ||     3
  Eat: Chunk             |       |     5 ||     5
Armor: Skin              |     8 |    13 ||    21
Dodge: Dodged            |    31 |    52 ||    83
